cohdb
Replays
Latest Replays
All Replays
Popular Replays
Top Player Replays
Match Explorer
How It Works
Community
CoH3 Stats
Reddit
Sign in to upload your games and track your stats! →
Sign in with Steam
Match 40567330
Unlisted
Match 40567330
Overview
Messages
Build Orders
End
Royal Engineer Section
Construct Section Command Post
Selects Canadian Shock Battlegroup
Infantry Section
Infantry Section
Vickers Machine Gun Team
Construct Platoon Command Post
Humber Armored Car
Selects Attacking Spirit
Selects Canadian Shock Section
Construct Field Infirmary
Selects Incendiary Munitions
Grenade Package
Canadian Shock Section
Selects Pyrotechnics
Infantry Training
Construct Company Command Post
Crusader II Medium Tank
Matilda II Heavy Tank
Selects Churchill Crocodile Heavy Tank
Bootyquake
WalterWhite
0
0
Comments
sign in to comment!
No comments posted yet!